 Dungeon Crawl Stone Soup version 0.24-a0-520-g8fd06ad0bc (webtiles) character file.

Game seed: 7485781802682918816

10819 Grim the Impaler (level 11, 0/112 HPs)
             Began as a Minotaur Berserker on July 24, 2019.
             Was a High Priest of Trog.
             Slain by a large abomination (8 damage)
             ... on level 11 of the Dungeon.
             The game lasted 00:26:25 (11932 turns).

Grim the Impaler (Minotaur Berserker)              Turns: 11932, Time: 00:26:26

Health: 0/112      AC: 17    Str: 24    XL:     11   Next: 41%
Magic:  10/10      EV: 11    Int:  6    God:    Trog [*****.]
Gold:   536        SH:  0    Dex: 13    Spells: 10/10 levels left

rFire    . . .     SeeInvis .   d - +1 halberd
rCold    . . .     Gourm    .   (shield currently unavailable)
rNeg     + . .     Faith    +   x - +0 chain mail
rPois    .         Spirit   .   (helmet restricted)
rElec    .         Reflect  .   (no cloak)
rCorr    .         Harm     .   A - +0 pair of gloves
MR       ++...                  M - +0 pair of boots
Stlth    ..........             C - amulet of faith
HPRegen  1.28/turn              z - ring of positive energy
MPRegen  0.12/turn              N - +3 ring of protection

@: berserk cooldown, regenerating, slowed, very slow
A: retaliatory headbutt, horns 2, repulsion field 1, agile 1, robust 1, strong 1
a: Berserk, Trog's Hand, Brothers in Arms, Renounce Religion


You were on level 11 of the Dungeon.
You worshipped Trog.
Trog was extremely pleased with you.
You were near starving.

You visited 1 branch of the dungeon, and saw 11 of its levels.
You also visited: Sewer.

You collected 536 gold pieces.

Inventory:

Hand Weapons
 a - a +0 spear
 d - a +1 halberd (weapon)
 h - a +0 scythe
 J - a +2 antimagic glaive
Missiles
 y - a boomerang (quivered)
Armour
 x - a +0 chain mail (worn)
 A - a +0 pair of gloves (worn)
 M - a +0 pair of boots (worn)
Jewellery
 z - a ring of positive energy (left hand)
 C - an amulet of faith (around neck)
 N - a +3 ring of protection (right hand)
Wands
 j - a wand of clouds (2)
 n - a wand of digging (6)
 u - a wand of flame (19)
 E - a wand of polymorph (13)
 H - a wand of paralysis (7)
 K - a wand of acid (10)
Scrolls
 b - a scroll of enchant weapon
 e - 7 scrolls of remove curse
 m - a scroll of brand weapon {unknown}
 p - 3 scrolls of teleportation
 r - a scroll of torment {unknown}
 w - a scroll of immolation
Potions
 f - 4 potions of brilliance
 g - a potion of cancellation {unknown}
 i - a potion of flight {unknown}
 k - 4 potions of heal wounds
 l - 6 potions of might
 o - 9 potions of curing
 q - 4 potions of lignification
 s - 3 potions of agility
 v - 5 potions of invisibility {unknown}
 B - a potion of haste {unknown}
 L - a potion of ambrosia {unknown}
Miscellaneous
 O - a sack of spiders
Comestibles
 c - 16 rations


   Skills:
 - Level 11.1 Fighting
 + Level 16.1 Polearms
 + Level 9.0 Armour
 - Level 2.1 Dodging


You had 10 spell levels left.
You didn't know any spells.
Your spell library was empty.

Dungeon Overview and Level Annotations

Branches:
Dungeon (11/15)            Temple (0/1) D:5            Lair (0/6) D:11
    Orc: D:9-12

Altars:
Ashenzari
Cheibriados
Dithmenos
Elyvilon
Fedhas
Hepliaklqana
Qazlal
Ru
Sif Muna
Uskayaw
Vehumet
Xom
Zin
The Shining One

Shops:
D:5 :   D:6 :   D:8 !

Annotations:
D:11 3 runed translucent doors, Burgietje's ghost, journeyman GrFi


Innate Abilities, Weirdness & Mutations

You reflexively headbutt those who attack you in melee.
You have a pair of horns on your head.
You are surrounded by a mild repulsion field. (EV +2)
You are agile. (Dex +2)
You are robust. (+10% HP)
Your muscles are strong. (Str +2)


Message History

The large abomination hits your ogre!
Your ogre dies!
Your ogre's corpse disappears in a puff of smoke!
You are no longer berserk.
You are exhausted.
You feel as though you will be slow longer.
You are too injured to fight recklessly!
You are too injured to fight recklessly!
You are near starving!
The large abomination closely misses you.
You furiously retaliate!
You headbutt the large abomination! You hit the large abomination.
The large abomination is almost destroyed.
The large abomination hits you!!
* * * LOW HITPOINT WARNING * * *
You hear two shouts!
The large abomination hits you!!
* * * LOW HITPOINT WARNING * * *
The large abomination hits you!
You die...

##.# #.# .#.# #.#
.#.# ##### #.# .#.#
##...#####.# #.
.#.#
#.......##X####....
.#.##
#.#####.X)x........
....######.#
#X###.######.
...........# #X#
#.# ##+++###.#.#
#@# #x#
....zzo#.#.# #.#
#X## .##..#.#.#..
<.# #..#
.#...#.#.###. ####
#..'....#
.#.#.H.#.# ..
#.##....#
.#...#.#.# .. ..#
x...# #.(?).##.#
### #### .X.#
#S#.H#.# ..X'.
########.# ..#x


You could see 3 large abominations.

Vanquished Creatures
  Erolcha (D:9)
  A hydra (D:11)
  Nergalle (D:10)
  A wizard (D:11)
  A manticore (D:11)
  A large abomination (D:11)
  3 hippogriffs
  Sigmund (D:2)
  9 yaks
  A wyvern (D:9)
  2 basilisks (D:11)
  Grum (D:8)
  A soldier ant (D:11)
  3 porcupines (D:11)
  2 black bears
  An ice beast (D:8)
  3 orc warriors
  2 sky beasts
  An eye of draining (D:10)
  5 phantoms
  2 centaurs
  4 wolves (D:8)
  3 ogres
  2 crocodiles (D:11)
  6 big kobolds
  2 bullfrogs
  A wyvern zombie (D:10)
  5 howler monkeys (D:9)
  A crimson imp (D:7)
  A quasit (D:10)
  3 hounds
  13 orc wizards
  9 orc priests
  3 centaur skeletons
  2 jellies
  A bullfrog skeleton (D:11)
  2 iguanas (D:9)
  5 worker ants
  A hound zombie (D:11)
  A hound skeleton (D:5)
  A worker ant zombie (D:8)
  4 gnolls (D:2)
  A howler monkey skeleton (D:4)
  10 adders
  10 river rats
  3 shadow imps
  3 oozes
  An adder zombie (D:7)
  3 worms
  A dart slug (D:2)
  5 leopard geckos
  36 orcs
  4 ball pythons
  8 giant cockroaches
  6 goblins
  6 hobgoblins
  18 jackals
  9 quokkas
  11 bats
  5 frilled lizards
  22 kobolds
  A leopard gecko skeleton (D:4)
  A leopard gecko zombie (D:7)
  24 rats
301 creatures vanquished.

Vanquished Creatures (collateral kills)
  A jelly (D:11)
1 creature vanquished.

Vanquished Creatures (others)
  An orc wizard (D:6)
  3 bushes (D:11)
  2 fungi (D:11)
  7 plants (D:11)
13 creatures vanquished.

Grand Total: 315 creatures vanquished

Notes
Turn   | Place    | Note
-------+----------+-------------------------------------------
     0 | D:1      | Grim the Minotaur Berserker began the quest for the Orb.
     0 | D:1      | Reached XP level 1. HP: 19/19 MP: 0/0
    16 | D:1      | Reached skill level 4 in Polearms
   116 | D:1      | Reached XP level 2. HP: 26/26 MP: 1/1
   557 | D:2      | Noticed Sigmund
   562 | D:2      | Killed Sigmund
   562 | D:2      | Reached skill level 7 in Polearms
   562 | D:2      | Reached XP level 3. HP: 31/31 MP: 2/2
   562 | D:2      | Reached XP level 4. HP: 39/39 MP: 3/3
   562 | D:2      | Reached XP level 5. HP: 45/45 MP: 4/4
   661 | D:2      | Reached ** piety under Trog
   760 | D:2      | Found a white marble altar of Elyvilon.
   831 | D:2      | Found a snail-covered altar of Cheibriados.
   832 | D:2      | Found a shattered altar of Ashenzari.
  1168 | D:2      | Reached skill level 8 in Polearms
  1838 | D:3      | Reached XP level 6. HP: 50/51 MP: 5/5
  2163 | D:3      | Found a faded altar of an unknown god.
  2469 | D:4      | Reached skill level 9 in Polearms
  2526 | D:4      | Found a stormy altar of Qazlal.
  2582 | D:4      | Found a glowing drain.
  2629 | Sewer    | Entered a sewer
  2828 | Sewer    | Reached *** piety under Trog
  2850 | Sewer    | Reached XP level 7. HP: 57/57 MP: 6/6
  2952 | Sewer    | Reached skill level 10 in Polearms
  3273 | D:4      | Reached skill level 11 in Polearms
  3507 | D:4      | Reached XP level 8. HP: 47/64 MP: 3/7
  4248 | D:4      | You fall into a shaft and drop 1 floor!
  4248 | D:5      | Entered Level 5 of the Dungeon
  4248 | D:5      | Found a glowing golden altar of the Shining One.
  4371 | D:5      | Found a shadowy altar of Dithmenos.
  4371 | D:5      | Found a shimmering altar of Xom.
  4560 | D:5      | Found Qemouniym's Book Boutique.
  4731 | D:5      | Found a staircase to the Ecumenical Temple.
  4862 | D:5      | Gained mutation: Your body sometimes deteriorates upon
                  | taking damage. [potion of mutation]
  4862 | D:5      | Gained mutation: Your muscles are strong. (Str +2) [potion
                  | of mutation]
  4863 | D:5      | Lost mutation: Your muscles are strong. (Str +2) [potion of
                  | mutation]
  4863 | D:5      | Lost mutation: Your body sometimes deteriorates upon taking
                  | damage. [potion of mutation]
  4863 | D:5      | Gained mutation: You are robust. (+10% HP) [potion of
                  | mutation]
  4863 | D:5      | Gained mutation: Your muscles are strong. (Str +2) [potion
                  | of mutation]
  4863 | D:5      | Gained mutation: You are agile. (Dex +2) [potion of
                  | mutation]
  4863 | D:5      | Gained mutation: You are surrounded by a mild repulsion
                  | field. (EV +2) [potion of mutation]
  4963 | D:6      | Found a radiant altar of Vehumet.
  4967 | D:6      | Found Icuhiw Tiyr's Book Shoppe.
  4988 | D:6      | Reached skill level 12 in Polearms
  5046 | D:6      | Reached **** piety under Trog
  5293 | D:6      | Found a hazy altar of Hepliaklqana.
  5296 | D:6      | Found a glowing silver altar of Zin.
  5603 | D:6      | Reached skill level 5 in Fighting
  5661 | D:6      | Reached ***** piety under Trog
  5888 | D:6      | Found a deep blue altar of Sif Muna.
  6064 | D:6      | Found a blossoming altar of Fedhas.
  6289 | D:7      | Reached skill level 13 in Polearms
  6289 | D:7      | Reached XP level 9. HP: 69/82 MP: 6/8
  7128 | D:8      | Found Deumn's Distillery.
  7147 | D:8      | Noticed Grum
  7159 | D:8      | Killed Grum
  7375 | D:8      | Found a hide-covered altar of Uskayaw.
  7562 | D:8      | Found a sacrificial altar of Ru.
  8700 | D:9      | Reached skill level 10 in Fighting
  8749 | D:9      | Noticed Erolcha
  8768 | D:9      | Killed Erolcha
  8768 | D:9      | Reached skill level 14 in Polearms
  8768 | D:9      | Reached XP level 10. HP: 97/103 MP: 9/9
  8958 | D:9      | Got a dazzling shield
  9013 | D:9      | Received a gift from Trog
  9332 | D:8      | Identified the +5 shield of the Bells {*Corrode +Blink rN+}
                  | (You found it on level 9 of the Dungeon)
  9487 | D:10     | Entered Level 10 of the Dungeon
  9868 | D:10     | Reached skill level 5 in Armour
 10089 | D:10     | Reached skill level 15 in Polearms
 10221 | D:10     | Found a stormy altar of Qazlal.
 10301 | D:10     | Noticed Nergalle
 10310 | D:10     | Killed Nergalle
 11319 | D:11     | Reached XP level 11. HP: 112/112 MP: 10/10
 11444 | D:11     | Found a staircase to the Lair.
 11445 | D:11     | Noticed a four-headed hydra
 11460 | D:11     | Killed a ten-headed hydra
 11845 | D:11     | Found a runed translucent gate.
 11845 | D:11     | Found a runed translucent gate.
 11845 | D:11     | Found a runed translucent gate.
 11845 | D:11     | Noticed a minotaur
 11849 | D:11     | Noticed Burgietje's ghost (journeyman GrFi)
 11905 | D:11     | Noticed a wizard
 11909 | D:11     | Noticed a large abomination
 11920 | D:11     | Killed a wizard
 11920 | D:11     | Reached skill level 16 in Polearms
 11930 | D:11     | HP: 4/112 [large abomination (23)]
 11932 | D:11     | Slain by a large abomination

Levels and vault maps discovered:
D:1:      minmay_arrival_stone_box, layout_loops_ring
D:2:      layout_loops_corners, elyvilon_altar_1,
          chequers_temple_overflow_statue_of_worship, grunt_decor_resistance,
          uniq_sigmund
D:3:      layout_rooms, chequers_ecumenical_altar_simple_redux
D:4:      kennysheep_spiral_hall, layout_layer_cave,
          cheibrodos_sewer_entry_sluice, first_ration, grunt_qazlal_clouds
D:5:      layout_basic, nicolae_tso_carved_into_rock,
          gammafunk_temple_overflow_elements, minmay_temple_entry_poolview,
          serial_shops, nicolae_shop_behind_doors,
          minmay_misc_feat_secret_circle
D:6:      lemuel_ratsnest, layout_loops_ring, vehumet_altar_wand_db,
          nicolae_overflow_hidden_temple, lemuel_crystal_altar, serial_shops,
          shop, led_sif_book
D:7:      layout_cave_pods
D:8:      layout_basic, lemuel_crystal_altar, nicolae_overflow_crystal_walls,
          serial_shops, shop_statue, grunt_pizzeria, kennysheep_nub, uniq_grum
D:9:      minmay_general_purpose_star, layout_basic, minivault_1,
          minmay_misc_feat_tiny, uniq_erolcha
D:10:     layout_stronghold, basic_altar, uniq_nergalle
D:11:     layout_loops_ring, minmay_lair_entry_grove, david_orc_5,
          maelrawn_ghost_gauntlet_escape,
          portal_ice_cave_entry_animals_and_master, laboratory

Skill      XL: |  1  2  3  4  5  6  7  8  9 10 11 |
---------------+----------------------------------+-----
Polearms       | 4 7 8 9 11 13 14 15 16 | 16.1
Fighting       | 6 10 11 | 11.1
Armour         | 7 9 |  9.0
Dodging        | |  2.1

Action                   |  1- 3 |  4- 6 |  7- 9 | 10-12 || total
-------------------------+-------+-------+-------+-------++-------
Melee: Spear             |    44 |   220 |   434 |       ||   698
       Headbutt          |     4 |    30 |    96 |    43 ||   173
       Halberd           |       |       |    99 |   236 ||   335
Throw: Boomerang         |       |       |    29 |       ||    29
Invok: Berserk           |     1 |     3 |     4 |     4 ||    12
       Trog's Hand       |       |     2 |     6 |     2 ||    10
       Brothers in Arms  |       |       |       |     2 ||     2
  Use: Scroll            |       |     5 |     7 |     7 ||    19
       Potion            |       |       |     2 |       ||     2
 Stab: Sleeping          |     1 |     3 |       |       ||     4
  Eat: Chunk             |       |     9 |     9 |     7 ||    25
       Ration            |       |       |     5 |     2 ||     7
Armor: Animal skin       |     4 |     3 |       |       ||     7
       Leather armour    |       |    18 |    11 |       ||    29
       Robe              |       |       |    11 |       ||    11
       Chain mail        |       |       |    40 |    88 ||   128
Dodge: Dodged            |    18 |    75 |   156 |    88 ||   337

Table legend:
 A = Non-vault XP
 B = Vault XP
 C = Vault XP percentage of total XP
 D = Non-vault monster count
 E = Vault monster count
 F = Vault count percentage of total count
                 A         B        C        D         E       F
            +---------+---------+-------+---------+---------+-------
      Total |    8917 |    6540 |  42.3 |     207 |      96 |  31.7
            +---------+---------+-------+---------+---------+-------
        D:1 |      27 |       0 |   0.0 |      16 |       0 |   0.0
        D:2 |     119 |     223 |  65.2 |      25 |       1 |   3.8
        D:3 |     169 |       0 |   0.0 |      20 |       0 |   0.0
        D:4 |     311 |      67 |  17.7 |      11 |       6 |  35.3
        D:5 |     234 |       0 |   0.0 |      14 |       0 |   0.0
        D:6 |     647 |     264 |  29.0 |      26 |      40 |  60.6
        D:7 |     493 |       0 |   0.0 |      13 |       0 |   0.0
        D:8 |     846 |     785 |  48.1 |      21 |       6 |  22.2
        D:9 |    1117 |     999 |  47.2 |      16 |       1 |   5.9
       D:10 |    2871 |     792 |  21.6 |      33 |       1 |   2.9
       D:11 |    2083 |    2885 |  58.1 |      12 |      17 |  58.6
      Sewer |       0 |     525 | 100.0 |       0 |      24 | 100.0
            +---------+---------+-------+---------+---------+-------
